Cogmind - Beta 12 *** ADVENTURER MODE // 2023.08.02 @ 14:41:17 Player: lord Result: Destroyed by as-05490 with Assembled Rifle Performance ------------- Evolutions (0) 0 Regions Visited (4) 800 Robots Destroyed (16) 80 Value Destroyed (297) 297 Prototype IDs (2) 40 Alien Tech Used (0) 0 Bonus (46) 46 TOTAL SCORE: 1263 Bonus ------- Follower Combat Kills 46 Cogmind --------- Core Integrity 0/250 Matter 275/300 Energy 100/100 System Corruption 0% Temperature Cool (0) Movement Walking (190) Ox1 Location -9/Mines Parts ------- > --- POWER (1) -------- (None) > --- PROPULSION (2) --- Aluminum Leg Aluminum Leg > --- UTILITY (2) ------ Large Storage Unit > --- WEAPON (2) ------- Mining Claw > --- INVENTORY (15) --- Light Ion Engine Light Nuclear Core Aluminum Leg Heat Sink Heat Sink Sensor Array Propulsion Shielding Authchip [Propulsion] Authchip [Processor] Rocket Launcher Peak State ------------ > --- POWER ------------ Ion Engine > --- PROPULSION ------- Aluminum Leg Aluminum Leg > --- UTILITY ---------- Large Storage Unit High-capacity Battery > --- WEAPON ----------- EM Pulse Gun EM Pulse Gun > --- INVENTORY -------- Light Ion Engine Light Nuclear Core Aluminum Leg Aluminum Leg Aluminum Leg Aluminum Leg Heat Sink Propulsion Shielding Authchip [Propulsion] Authchip [Processor] Small Laser Mining Claw [Rating: 9] Favorites ----------- Power Ion Engine Engine Ion Engine Propulsion Aluminum Leg Leg Aluminum Leg Utility High-capacity Battery Storage High-capacity Battery Weapon EM Pulse Gun Energy Gun EM Pulse Gun Slashing Weapon Mining Claw Build | -11 -10 -10 -10 -9 ------- Run | Jun Mat Min Exi Min Slots Evolved . | . . . . . Power . | . . . . . Propulsion . | . . . . . Utility . | . . . . . Weapon . | . . . . . Parts Attached 15 | 6 4 . . 5 Power 1 | 1 . . . . Engine 1 | 1 . . . . Core . | . . . . . Reactor . | . . . . . Propulsion 5 | 2 . . . 3 Treads . | . . . . . Leg 5 | 2 . . . 3 Wheel . | . . . . . Hover . | . . . . . Flight . | . . . . . Utility 4 | 1 3 . . . Device . | . . . . . Storage 4 | 1 3 . . . Processor . | . . . . . Hackware . | . . . . . Protection . | . . . . . Artifact . | . . . . . Weapon 5 | 2 1 . . 2 Energy Gun 4 | 2 1 . . 1 Energy Cannon . | . . . . . Ballistic Gun . | . . . . . Ballistic Cannon . | . . . . . Launcher . | . . . . . Special Weapon . | . . . . . Impact Weapon . | . . . . . Slashing Weapon 1 | . . . . 1 Piercing Weapon . | . . . . . Special Melee Weapon . | . . . . . Unidentified Prototypes . | . . . . . Parts Lost 8 | . . . . 8 Power 1 | . . . . 1 Propulsion 3 | . . . . 3 Utility 1 | . . . . 1 Weapon 3 | . . . . 3 Highest Loss Streak 8 | . . . . 8 To Critical Strikes . | . . . . . Average Slot Usage (%) 98 | . 95 100 100 83 Engine 13 | . 14 14 14 8 Leg 27 | . 28 28 28 25 Storage 26 | . 23 28 28 26 Energy Gun 27 | . 28 28 28 18 Naked Turns . | . . . . . Heaviest Build 33 | 13 33 33 33 33 Greatest Support 20 | 20 20 20 20 20 Greatest Overweight (x) 2 | 1 1 1 1 2 Average Overweight (x) . | . . 1 1 1 Largest Inventory Capacity 15 | 8 15 15 15 15 Average Capacity 13 | 7 10 15 15 15 Most Carried 15 | 1 10 15 15 15 Average Carried 12 | . 6 13 15 13 Final Capacity 15 | 8 15 15 15 15 Final Carried 15 | 1 10 15 15 10 Class Distribution -------------------- 100% | Mutant Dominant Class ---------------- Mutant | -10/Materials Mutant | -10/Mines Mutant | -10/Exiles Mutant | -9/Mines Resources | -11 -10 -10 -10 -9 ----------- Run | Jun Mat Min Exi Min Matter Collected 450 | 205 245 . . . Remotely . | . . . . . Salvage Created 732 | . 504 183 . 45 Parts 41 | . 28 13 . . Haulers Intercepted 2 | . 2 . . . Recyclers Shooed . | . . . . . Parts Field Recycled . | . . . . . Retrieved Matter . | . . . . . Parts Self-Destructed . | . . . . . Prevented . | . . . . . Kills | -11 -10 -10 -10 -9 ------- Run | Jun Mat Min Exi Min Combat Hostiles Destroyed 14 | . 6 5 . 3 Melee 2 | . . . . 2 Guns 12 | . 6 5 . 1 Classes Destroyed 6 | . 5 . . 1 Worker 1 | . 1 . . . Hauler 2 | . 2 . . . Recycler 2 | . 2 . . . Swarmer 5 | . 3 2 . . Grunt 6 | . 3 3 . . Assembled 3 | . . . . 3 Best Kill Streak 4 | . 4 3 . 3 Combat Bots Only 3 | . 3 3 . 3 Max Kills in Single Turn 2 | . 2 1 . 1 Gunslinging . | . . . . . Exploded . | . . . . . Melee 1 | . . . . 1 Uniques/NPCs Destroyed . | . . . . . Combat | -11 -10 -10 -10 -9 -------- Run | Jun Mat Min Exi Min Damage Taken 962 | . 116 50 . 796 Core 251 | . . 11 . 240 Absorbed by Shields . | . . . . . Core Remaining (%) 100 | 100 . . . . Volleys Fired 39 | . 24 6 . 9 Largest 2 | . 2 2 . 2 Hottest 80 | . 80 80 . 80 Shots Fired 72 | . 48 12 . 12 Gun 72 | . 48 12 . 12 Cannon . | . . . . . Launcher . | . . . . . Special . | . . . . . Kinetic . | . . . . . Thermal 24 | . 21 . . 3 Explosive . | . . . . . Electromagnetic 48 | . 27 12 . 9 Robot Hit Streak 8 | . 5 8 . 4 Robot Miss Streak 3 | . 1 1 . 3 Penetration Max . | . . . . . Secondary Targets 2 | . 1 1 . . Max Gunslinging Chain 1 | . 1 1 . . Shots Hit Robots 53 | . 31 9 . 13 Core Hits 25 | . 16 6 . 3 Critical Kills . | . . . . . Critical Parts Destroyed . | . . . . . Critical Strikes 1 | . . . . 1 Corrupt 1 | . . . . 1 Melee Attacks 10 | . . . . 10 Impact . | . . . . . Slashing 10 | . . . . 10 Piercing . | . . . . . Sneak Attacks . | . . . . . Combat Hostiles . | . . . . . Follow-up Attacks . | . . . . . Damage Inflicted 809 | . 440 124 . 245 Guns 597 | . 398 124 . 75 Cannons . | . . . . . Explosions 42 | . 42 . . . Melee 170 | . . . . 170 Ramming . | . . . . . Kinetic . | . . . . . Thermal 195 | . 163 . . 32 Explosive . | . . . . . Electromagnetic 444 | . 277 124 . 43 Impact . | . . . . . Slashing 170 | . . . . 170 Piercing . | . . . . . Highest Corruption . | . . . . . Average Corruption . | . . . . . Corruption Purged . | . . . . . Corruption Blocked . | . . . . . Overload Shots . | . . . . . Overflow Damage . | . . . . . Projectiles . | . . . . . Explosions . | . . . . . Melee . | . . . . . Knockbacks . | . . . . . Impact . | . . . . . Kinetic . | . . . . . Secondary . | . . . . . Self-Inflicted Damage . | . . . . . Shots . | . . . . . Rammed . | . . . . . Targets Rammed . | . . . . . Kicked . | . . . . . Crushed . | . . . . . Highest Temperature 126 | . 126 102 . 26 Average Temperature 43 | . 47 42 . 14 Received Heat Transfer 75 | . 45 30 . . Siege Activations . | . . . . . Robots Corrupted . | . . . . . Combat Hostiles . | . . . . . Parts Fried . | . . . . . Impact Corruptions . | . . . . . Robots Melted . | . . . . . Combat Hostiles . | . . . . . Parts Melted . | . . . . . Heat Transferred 400 | . 325 . . 75 Parts Sabotaged . | . . . . . Parts Stolen . | . . . . . Parts Stripped . | . . . . . Power Chain Reactions 1 | . 1 . . . Missiles Intercepted . | . . . . . Alert | -11 -10 -10 -10 -9 ------- Run | Jun Mat Min Exi Min Peak Influence 172 | . 172 157 . . Initial . | . . . . . Average 37 | . 36 44 . . Maximum Alert Level . | . . . . . Low Security (%) 100 | 100 100 100 . 100 Level 1 . | . . . . . Level 2 . | . . . . . Level 3 . | . . . . . Level 4 . | . . . . . Level 5 . | . . . . . High Security . | . . . . . Max Security . | . . . . . Squads Dispatched 1 | . . 1 . . Investigation . | . . . . . Extermination . | . . . . . Reinforcement . | . . . . . Assault 1 | . . 1 . . Garrison . | . . . . . Intercept . | . . . . . Searches Triggered . | . . . . . Construction Impeded . | . . . . . Haulers Reinforced . | . . . . . Active Scanning Responses . | . . . . . Cargo Convoy Interrupts . | . . . . . Stealth | -11 -10 -10 -10 -9 --------- Run | Jun Mat Min Exi Min Distress Signals 1 | . 1 . . . Communications Jammed . | . . . . . Distress Signals . | . . . . . Times Spotted 40 | . 16 9 . 15 Peak Tracking Total 20 | . 4 4 . 20 Tactical Retreats 2 | . . 1 . 1 Traps | -11 -10 -10 -10 -9 ------- Run | Jun Mat Min Exi Min Traps Triggered . | . . . . . Indirectly . | . . . . . Trap Hack Attempts . | . . . . . Triggered . | . . . . . Disarmed . | . . . . . Reprogrammed . | . . . . . Reused . | . . . . . Traps Extracted . | . . . . . Installed . | . . . . . Triggered . | . . . . . Machines | -11 -10 -10 -10 -9 ---------- Run | Jun Mat Min Exi Min Machines Disabled . | . . . . . Max in Single Turn . | . . . . . Machines Repaired . | . . . . . Machines Sabotaged . | . . . . . Overloaded Fab Kills . | . . . . . Hacking | -11 -10 -10 -10 -9 --------- Run | Jun Mat Min Exi Min Machines Accessed 9 | . 8 . 1 . Terminals 8 | . 8 . . . Fabricators . | . . . . . Repair Stations . | . . . . . Recycling Units . | . . . . . Scanalyzers . | . . . . . Garrison Access . | . . . . . Total Hacks 24 | . 23 . 1 . Successful 17 | . 16 . 1 . Failed 7 | . 7 . . . Catastrophic 1 | . 1 . . . Database Lockouts . | . . . . . Manual 19 | . 19 . . . Terminals 23 | . 23 . . . Fabricators . | . . . . . Repair Stations . | . . . . . Recycling Units . | . . . . . Scanalyzers . | . . . . . Garrison Access . | . . . . . Terminal Hacks 9 | . 8 . 1 . Record 1 | . . . 1 . Prototype ID Bank 1 | . 1 . . . Level Access Points 1 | . 1 . . . Unreport Threat 3 | . 3 . . . Locate Traps 2 | . 2 . . . Zone Layout 1 | . 1 . . . Fabricator Hacks . | . . . . . Repair Station Hacks . | . . . . . Recycling Unit Hacks . | . . . . . Scanalyzer . | . . . . . Garrison Access Hacks . | . . . . . Unauthorized Hacks 8 | . 8 . . . Terminals 8 | . 8 . . . Botnet 8 | . 8 . . . Fabricators . | . . . . . Repair Stations . | . . . . . Recycling Units . | . . . . . Scanalyzers . | . . . . . Garrison Access . | . . . . . Data Cores Recovered . | . . . . . Used . | . . . . . Hacking Detections 8 | . 8 . . . Full Trace Events . | . . . . . Feedback Events . | . . . . . Feedback Blocked . | . . . . . Robot Schematics Acquired . | . . . . . Robots Built . | . . . . . Authchips . | . . . . . Time . | . . . . . Total Robot Build Rating . | . . . . . Part Schematics Acquired . | . . . . . Parts Built . | . . . . . Authchips . | . . . . . Time . | . . . . . Total Part Build Rating . | . . . . . Parts Repaired . | . . . . . Time . | . . . . . Parts Recycled . | . . . . . Recycled Matter . | . . . . . Retrieved Matter . | . . . . . Retrieved Components . | . . . . . Parts Scanalyzed . | . . . . . Part Schematics Acquired . | . . . . . Parts Damaged . | . . . . . Bothacking | -11 -10 -10 -10 -9 ------------ Run | Jun Mat Min Exi Min Used RIF Installer . | . . . . . Robots Hacked . | . . . . . Non-combat . | . . . . . Combat . | . . . . . Robot Hacks Applied . | . . . . . Relay Couplers Released . | . . . . . Fabnet Peak Effective % . | . . . . . Robots Rewired . | . . . . . Allies Hacked . | . . . . . Hacks Repelled . | . . . . . Allies | -11 -10 -10 -10 -9 -------- Run | Jun Mat Min Exi Min Total Allies 4 | . . 4 . . Largest Group 4 | . . 4 4 4 Highest-Rated Group 71 | . . 71 71 71 Highest-Rated Ally 31 | . . 31 31 31 Total Orders . | . . . . . Ally Attacks 26 | . . 11 . 15 Total Damage 344 | . . 156 . 188 Kills 7 | . . 4 . 3 Allies Corrupted . | . . . . . Allies Melted . | . . . . . Intel | -11 -10 -10 -10 -9 ------- Run | Jun Mat Min Exi Min Robot Analysis Total . | . . . . . Derelict Logs Recovered 1 | . . 1 . . Drone Launches . | . . . . . Drone Recoveries . | . . . . . Exploration | -11 -10 -10 -10 -9 ------------- Run | Jun Mat Min Exi Min Turns Passed 3537 | 58 896 1260 1167 156 Spaces Moved 1877 | 41 522 647 615 52 Core 7 | 7 . . . . Treads . | . . . . . Legs 1870 | 34 522 647 615 52 Wheels . | . . . . . Hover . | . . . . . Flight . | . . . . . Fastest Speed 50 | 50 120 190 190 190 Average Speed 177 | 118 152 190 190 191 Slowest Speed 260 | 190 190 190 190 260 Overloaded Moves . | . . . . . Propulsion Burnouts . | . . . . . Robots Hopped . | . . . . . Cave-ins Triggered . | . . . . . Exploration Rate (%) 55 | 3 71 98 91 12 Regions Visited 4 Branch Regions 3 Pre-discovered Areas . | . . . . . Known Exits Taken . | . . . . . Unknown Exits Taken 4 | 1 1 1 1 . Scrap Searched 1 | . . 1 . . Spaces Dug . | . . . . . Terrain Destroyed 3 | . 3 . . . Melee . | . . . . . Projectile . | . . . . . AOE 3 | . 3 . . . Terrain Rammed . | . . . . . Walls Destroyed . | . . . . . Machines Disabled . | . . . . . Actions | -11 -10 -10 -10 -9 --------- Run | Jun Mat Min Exi Min Total 1979 | 47 574 666 614 78 Wait 25 | . 14 9 . 2 Move 1873 | 40 521 646 614 52 Hop . | . . . . . Pick Up 15 | 1 9 5 . . Fast Attach 9 | 6 3 . . . Attach 5 | . . . . 5 Detach . | . . . . . Swap 1 | . 1 . . . Drop 2 | . 2 . . . Fire 39 | . 24 6 . 9 Melee 10 | . . . . 10 Ram . | . . . . . Kick . | . . . . . Crush . | . . . . . Escape Stasis . | . . . . . Rewire . | . . . . . Trap . | . . . . . Miscellaneous . | . . . . . Route ------- -11/Junkyard -10/Materials (discovered 4 exits: *Mat x3 / [*Min]) -10/Mines (discovered 3 exits: *Mat x2 / *Exi) -10/Exiles (discovered 2 exits: [*Min x2]) -9/Mines History --------- Turn | Location | Event 10 | -11/Junkyard | Discovered new exit (range 15) 59 | -11/Junkyard | Entered Materials 257 | -10/Materials | Discovered new exit (range 18) 307 | -10/Materials | Build established: Mutant 556 | -10/Materials | Discovered new exit (range 13) 774 | -10/Materials | Discovered new exit (range 12) 801 | -10/Materials | Identified exit to Materials 955 | -10/Materials | Entered Mines 960 | -10/Mines | Met a Derelict testing a Signal Generator 963 | -10/Mines | Learned Materials garrison access intel 1001 | -10/Mines | Discovered exit to Materials (range 8) 1057 | -10/Mines | Met a Derelict bent on vengeance 1246 | -10/Mines | Assisted by bots powering up and referring to "LRC-V3" 1354 | -10/Mines | Discovered exit to Materials (range 13) 1487 | -10/Mines | Received a Rocket Launcher from a helpful Derelict 1810 | -10/Mines | Deemed a non-threat by the Exiles lab entrance 1810 | -10/Mines | Discovered new exit (range 5) 2049 | -10/Mines | Found a damaged Exp. Sensor Array with a note attached 2215 | -10/Mines | Entered Exiles 2215 | -10/Exiles | Accompanied by 4 allies 2240 | -10/Exiles | Discovered new exit (range 15) 2291 | -10/Exiles | Met 8R-AWN 2318 | -10/Exiles | Met EX-HEX 2428 | -10/Exiles | Met EX-DEC 2484 | -10/Exiles | Visited The Gauntlet 2778 | -10/Exiles | Discovered new exit (range 14) 2947 | -10/Exiles | Met EX-BIN 3382 | -10/Exiles | Entered Mines 3382 | -9/Mines | Accompanied by 4 allies 3437 | -9/Mines | Assembled infested the area 3442 | -9/Mines | Assisted by a Guerilla fighting off Assembled 3507 | -9/Mines | Core integrity fell below 50% 3518 | -9/Mines | Core integrity fell below 20% 3538 | -9/Mines | Destroyed by as-05490 with Assembled Rifle Last Messages --------------- 03451_ Trooper 1a destroyed. 03452_ HV Slug penetrates as-34778. 03452_ as-34778 suffers critical hit (Destroy). 03452_ as-34778 destroyed. 03453_ as-25492 destroyed. 03454_ HV Slug penetrates Wall. 03456_ as-56087 suffers critical hit (Destroy). 03456_ as-56087 destroyed. 03478_ EM Pulse Gun destroyed. 03479_ Ion Engine destroyed. 03480_ as-24576 destroyed. 03484_ Aluminum Leg destroyed. 03489_ EM Pulse Gun destroyed. 03490_ Aluminum Leg destroyed. 03491_ as-46487 destroyed. 03494_ Sml. Laser destroyed. 03499_ as-13482 destroyed. 03503_ Aluminum Leg destroyed. 03516_ Hcp. Battery destroyed. 03519_ as-02192 destroyed. Map ----- +----------------------------------------------------+ | ????????????????????????????????????? | | ????????????????????????????????????? | | ????????????????????????????????????? | | ????????????????????????????????????? | | ????????????????????????????????????? | | ????????????????????????????????????? | | ????????????????????????????????????? | | ????????????????????????????????????? | | ????????????????????????????????????? | | ????????????????????????????????????? | | ????????????????????????????????????? | | ????????????????????????????????????? | | ????????????????????????????????????? | | ????????????????????????????????????? | | ????????????????????????????????????? | | ????????????????????????????????????? | | ??????????? ##?????????????????????? | | ?????????## #?????????????????????? | | ????????## #?????????????????????? | | ???????## #?????????????????????? | | ???????# #?????????????????????? | | ???????# ##????????????????????? | | ???????# """" ##???????????????????? | | ??????## """" #???????????????????? | | ??????# """"% #???????????????????? | | ??????# a @a #????????????????????? | | ??????# %## #????????????????????? | | ?????## ##???????????????????????? | | ????## % #?#?#????????????????????? | | ???## ### ####?????????????????? | | ???# #?##??????????????? | | ???# ##### ##"############???? | | ???## ##### %!% % % #? | | ????# !%=%%% % % ? | | ????# ############"" ###???????? | | ???## ##????????????????????????? | | ???# #?????????????????????????? | | ???# #?????????????????????????? | | ???# #?????????????????????????? | | ???# #?????????????????????????? | | ???# #?????????????????????????? | | ???### #?????????????????????????? | | ?????## #?????????????????????????? | | ??????# ##?????????????????????????? | | ??????####??????????????????????????? | | ????????????????????????????????????? | | ????????????????????????????????????? | | ????????????????????????????????????? | | ????????????????????????????????????? | | ????????????????????????????????????? | +----------------------------------------------------+ Best States ------------- Heat Dissipation 25 Energy Generation 10 Energy Capacity 500 Matter Stores 450 Matter Capacity 450 Sight Range 16 Terrain Scan Density 10 Resistance: KI 20 Resistance: TH 20 Resistance: EX 20 Resistance: EM 20 Resistance: I 20 Resistance: S 20 Resistance: P 20 Evasion (%) 55 Offensive Hacking 10 Authchip Count 2 Item Schematics ----------------- None Robot Schematics ------------------ None Fabricated ------------ Nothing Alien Tech Used ----------------- None Achievements -------------- None Challenges ------------ None Game ------ Seed StorageSpacefoldInjector Manual? 0 Play Time 00:24:25 Cumulative 60.5 hours Start 2023.08.02 @ 13:59:49 End 2023.08.02 @ 14:41:17 Sessions 3 Manual Loads 0 Difficulty Adventurer Special Mode None Game No. 100 Rogue 90 Adventurer 10 Explorer 0 Win Type - Total 1 Types 1/0/0/0/0/0/0/0/0 Lore% 39 Gallery% 53 Achievement% 34 Wizard Run 0 Options --------- ASCII 0 Keyboard 1 Movement Numpad Keybinds 0 Fullscreen 0 Font 16/Smallcaps Map View 76x50 Tactical HUD 1 Map Filters NONE Filters NONE Steam 0 RUN: 6e1b209e-160b-4bdd-89d3-85311872fd6d